 Dungeon Crawl Stone Soup version 0.26.0-20-g3ca415f5b8 (webtiles) character file.

Game seed: 7704125028606484699

6552 kaeus the Fighter (level 10, -10/94 HPs)
             Began as a Minotaur Fighter on Jan 25, 2021.
             Was a Believer of the Shining One.
             Mangled by a two-headed ogre
             ... wielding a +0 giant club
              (15 damage)
             ... on level 8 of the Dungeon.
             The game lasted 00:09:27 (6719 turns).

kaeus the Fighter (Minotaur Fighter)                Turns: 6719, Time: 00:09:28

Health: -10/94     AC:  9    Str: 30 (31) XL:     10   Next: 70%
Magic:  0/9        EV:  9    Int:  3 (5)  God:    the Shining One [**....]
Gold:   515        SH: 13    Dex:  7 (9)  Spells: 9/9 levels left

rFire    + + .     SeeInvis .   y - +3 hand axe
rCold    . . .     Faith    .   c - +1 kite shield
rNeg     + + .     Spirit   +   i - +1 scale mail of Hadjma {rN+ Will++ Regen+}
rPois    .         Reflect  .   (helmet restricted)
rElec    .         Harm     .   (no cloak)
rCorr    .         Rampage  .   (no gloves)
Will     ++...                  (no boots)
Stlth    +.........             l - amulet of Eternal Night {Spirit rF+ Str+6}
HPRegen  0.65/turn              n - ring of wizardry
MPRegen  0.11/turn              p - ring of protection from fire

@: glowing
A: retaliatory headbutt, horns 2, camouflage 1, deterioration 1, sturdy frame 1
a: Renounce Religion, Divine Shield


You were on level 8 of the Dungeon.
You worshipped the Shining One.
The Shining One was pleased with you.
You visited 2 branches of the dungeon, and saw 10 of its levels.
You also visited: Ossuary.

You collected 515 gold pieces.

Inventory:

Hand Weapons
 y - a +3 hand axe (weapon)
Armour
 c - a +1 kite shield (worn)
 i - the +1 scale mail of Hadjma (worn) {rN+ Will++ Regen+}
   (You found it on level 5 of the Dungeon)

   It protects you from negative energy.
   It affects your willpower, your defense against some magical effects.
   It increases your rate of regeneration.
Jewellery
 g - an uncursed amulet of regeneration
 l - the amulet of Eternal Night (around neck) {Spirit rF+ Str+6}
   (You took it off an orc warrior on level 6 of the Dungeon)

   [amulet of guardian spirit]

   It causes incoming damage to be split between your health and magic.
   It affects your strength (+6).
   It protects you from fire.
 n - a ring of wizardry (left hand)
 p - a ring of protection from fire (right hand)
 s - an uncursed amulet of magic regeneration
 w - a +6 ring of intelligence
 B - an uncursed ring of resist corrosion
Wands
 r - a wand of enslavement (20)
 z - a wand of iceblast (8)
Scrolls
 a - a scroll of enchant weapon {unknown}
 b - 4 scrolls of blinking
 f - 6 scrolls of identify
 k - 2 scrolls of magic mapping
 o - 5 scrolls of remove curse
 u - 5 scrolls of teleportation
 A - a scroll of vulnerability {unknown}
Potions
 d - 2 potions of might
 e - a potion of curing {unknown}
 j - a potion of flight
 m - a potion of cancellation
 q - a potion of ambrosia
 v - a potion of magic
 x - a potion of haste


   Skills:
 + Level 10.5 Fighting
 + Level 10.1 Axes
 + Level 10.4 Armour
 + Level 10.4 Shields


You had 9 spell levels left.
You didn't know any spells.
Your spell library contained the following spells:

 Spells                   Type           Power        Failure   Level
 Confusing Touch          Hex            0%           86%         3
 Gell's Gravitas          Tloc           0%           86%         3
 Petrify                  Tmut/Erth      0%           99%         4
 Metabolic Englaciation   Hex/Ice        0%           100%        5
 Yara's Violent Unravell  Hex/Tmut       0%           100%        5


Dungeon Overview and Level Annotations

Branches:
Dungeon (9/15)             Temple (1/1) D:7            Lair (0/6) D:8
Ossuary (visited)
    Orc: D:9-12

Altars:
Ashenzari
Cheibriados
Dithmenos
Elyvilon
Fedhas
Gozag
Hepliaklqana
Kikubaaqudgha
Makhleb
Nemelex Xobeh
Okawaru
Qazlal
Ru
Sif Muna
Trog
Uskayaw
Vehumet
Wu Jian
Xom
Yredelemnul
Zin
The Shining One

Annotations:
D:2 1 runed translucent door, Crazy Yiuf


Innate Abilities, Weirdness & Mutations

You reflexively headbutt those who attack you in melee.
You have a pair of horns on your head.
Your skin changes colour to match your surroundings (Stealth+).
Your body sometimes deteriorates upon taking damage.
Your movements are slightly less encumbered by armour. (ER -2)


Message History

You climb upwards.
There is a stone staircase leading down here.
You take 7 damage, and have 28/94 hp.
You now have 3/9 mp.
The howler monkey hits you but does no damage.
The howler monkey hoots and howls with incredible vigour!
You hit the two-headed ogre. You headbutt the two-headed ogre!
The two-headed ogre is moderately wounded.
The two-headed ogre hits you with a +0 giant club!!
* * * LOW HITPOINT WARNING * * *
Your body deteriorates!
You feel clumsy. The two-headed ogre barely misses you.
You take 18 damage, and have 11/94 hp.
You now have 1/9 mp.
It was a potion of degeneration.
There was something very wrong with that liquid.
You feel weakened.
You feel dopey.
You feel clumsy.
It was a potion of heal wounds.
You feel much better.
The two-headed ogre hits you with a +0 giant club!!
* * * LOW HITPOINT WARNING * * *
The two-headed ogre hits you with a +0 giant club!
You die...

......# #......# ......#
#######......#
......####...........<#
...........#####......#
..........># #......#
.###.......# ###......#
.###.......###...######
..##....[...#[.##########
..............oO@.......#
.##...........###########
......###....[#
....####..##..# .####
#.###..# .### #.# ##.###
...### #.# #.†.########
.#...###.# #.#..##≈≈≈≈#
.###.##..# #.##.##≈≈≈≈###


You could see a two-headed ogre and an orc.

Vanquished Creatures
  A two-headed ogre (D:9)
  A troll (D:8)
  Eustachio (D:6)
  A yak (D:8)
  A wyvern (D:8)
  Grum (D:8)
  5 orc warriors
  3 black bears (D:8)
  An ice beast (D:9)
  5 sky beasts
  4 ogres
  5 centaurs
  3 wolves (D:8)
  An elf zombie (Ossuary)
  Blork the orc (D:5)
  4 bullfrogs
  2 scorpions
  4 killer bees (D:8)
  14 wights
  2 howler monkeys
  3 centaur zombies (Ossuary)
  A bullfrog zombie (D:5)
  8 hounds
  A quasit (D:8)
  A jelly (D:5)
  5 orc priests
  13 orc wizards
  2 iguanas
  5 worker ants
  A big kobold zombie (Ossuary)
  A hound skeleton (D:9)
  2 mummies (Ossuary)
  A howler monkey zombie (D:7)
  11 adders
  4 gnolls
  A shadow imp (D:8)
  A white imp (D:6)
  An ufetubus (D:7)
  2 adder zombies (Ossuary)
  An adder skeleton (D:6)
  5 worms
  4 dart slugs
  9 leopard geckos
  53 orcs
  5 bats
  5 giant cockroaches
  8 hobgoblins
  8 jackals
  8 kobolds
  2 quokkas
  2 ball pythons
  6 frilled lizards
  5 goblins
  9 hobgoblin zombies (Ossuary)
  4 jackal zombies
  8 kobold zombies (Ossuary)
  9 orc zombies (Ossuary)
  5 rats
  A rat zombie (Ossuary)
  A bush (D:7)
282 creatures vanquished.

Vanquished Creatures (others)
  10 fungi (D:6)
10 creatures vanquished.

Grand Total: 292 creatures vanquished

Notes
Turn   | Place    | Note
-------+----------+-------------------------------------------
     0 | D:1      | kaeus the Minotaur Fighter began the quest for the Orb.
     0 | D:1      | Reached XP level 1. HP: 19/19 MP: 0/0
    63 | D:1      | Reached XP level 2. HP: 27/27 MP: 1/1
   161 | D:1      | You fall into a shaft and drop 1 floor!
   271 | D:2      | Reached XP level 3. HP: 28/33 MP: 2/2
   602 | D:2      | Reached XP level 4. HP: 41/41 MP: 3/3
   675 | D:2      | Found a runed translucent door.
   676 | D:2      | Noticed Crazy Yiuf
  1827 | D:3      | Reached XP level 5. HP: 19/47 MP: 4/4
  2014 | D:3      | Reached skill level 5 in Fighting
  2077 | D:3      | You fall into a shaft and drop 1 floor!
  2083 | D:4      | Reached skill level 5 in Armour
  2088 | D:4      | Reached skill level 5 in Shields
  2106 | D:4      | Noticed an ogre
  2112 | D:4      | Killed an ogre
  2113 | D:4      | Reached XP level 6. HP: 36/56 MP: 5/5
  2744 | D:5      | Entered Level 5 of the Dungeon
  2978 | D:5      | Reached XP level 7. HP: 52/62 MP: 6/6
  2986 | D:5      | Reached skill level 5 in Axes
  3308 | D:5      | Noticed Blork the orc
  3317 | D:5      | Gained mutation: You have sharp toenails. [potion of
                  | mutation]
  3317 | D:5      | Gained mutation: Your movements are slightly less
                  | encumbered by armour. (ER -2) [potion of mutation]
  3317 | D:5      | Gained mutation: You are partially covered in rugged brown
                  | scales. (AC +1, +3% HP) [potion of mutation]
  3330 | D:5      | Killed Blork the orc
  3832 | D:5      | Reached XP level 8. HP: 68/73 MP: 7/7
  3898 | D:5      | Got a diamond-encrusted scale mail
  3909 | D:5      | Identified the +1 scale mail of Hadjma {rN+ Will++ Regen+}
                  | (You found it on level 5 of the Dungeon)
  4046 | D:6      | Found a sand-covered staircase.
  4054 | Ossuary  | Entered an ossuary
  4320 | D:6      | Found a burning altar of Makhleb.
  4393 | D:6      | Identified the amulet of Eternal Night {Spirit rF+ Str+6}
  4479 | D:6      | Reached XP level 9. HP: 83/83 MP: 8/8
  4575 | D:6      | Noticed Eustachio
  4594 | D:6      | Killed Eustachio
  5090 | D:6      | Lost mutation: You have sharp toenails. [potion of
                  | mutation]
  5090 | D:6      | Lost mutation: You are partially covered in rugged brown
                  | scales. (AC +1, +3% HP) [potion of mutation]
  5090 | D:6      | Gained mutation: Your body sometimes deteriorates upon
                  | taking damage. [potion of mutation]
  5090 | D:6      | Gained mutation: Your skin changes colour to match your
                  | surroundings (Stealth+). [potion of mutation]
  5366 | D:7      | Found a staircase to the Ecumenical Temple.
  5400 | Temple   | Entered the Ecumenical Temple
  5492 | Temple   | Became a worshipper of the Shining One
  5536 | D:7      | Found a blossoming altar of Fedhas.
  6099 | D:8      | Reached XP level 10. HP: 91/91 MP: 9/9
  6136 | D:8      | Reached * piety under the Shining One
  6163 | D:8      | Noticed Grum
  6182 | D:8      | Killed Grum
  6277 | D:8      | Found a staircase to the Lair.
  6371 | D:8      | Reached skill level 10 in Fighting
  6543 | D:8      | Reached skill level 10 in Armour
  6543 | D:8      | Reached skill level 10 in Shields
  6671 | D:9      | Noticed a two-headed ogre
  6672 | D:9      | Noticed a two-headed ogre
  6673 | D:9      | Reached ** piety under the Shining One
  6711 | D:9      | Killed a two-headed ogre
  6712 | D:9      | Reached skill level 10 in Axes
  6719 | D:8      | Mangled by a two-headed ogre

Illustrated notes

Levels and vault maps discovered:
D:1:      nzn_arrival_depleted_hourglass, layout_basic
D:2:      layout_basic, uniq_crazy_yiuf_cottage
D:3:      layout_loops_ring
D:4:      layout_basic
D:5:      layout_basic, uniq_blork_the_orc
D:6:      layout_rooms, serial_aquarium, aquarium_bridge_island_small
          [aquarium_subvault_small_water, aquarium_subvault_bridge,
          aquarium_subvault_bridge, aquarium_subvault_bridge,
          aquarium_subvault_wall], aquarium_window_1, aquarium_window_1,
          aquarium_view_2c, aquarium_balcony_double_2, aquarium_pool_1,
          enter_ossuary_5, chequers_serial_rivers_marsh, bloody_makhleb,
          uniq_eustachio
D:7:      layout_loops_ring, fedhas_bush_and_centaur_altar,
          minmay_temple_entry_statues_fountains, hex_medium,
          minmay_misc_feat_pillars, minmay_starry_boxes
D:8:      layout_rooms, david_lair_generic, chequers_serial_rivers_room_b,
          uniq_grum
D:9:      layout_cross, hiddenorc1_lemuel, trog_eyes_of_draining
Temple:   dpeg_three_leaves_temple

Skill      XL: |  1  2  3  4  5  6  7  8  9 10 |
---------------+-------------------------------+-----
Fighting       | 4 5 6 8 9 10 | 10.5
Axes           | 3 4 6 7 9 10 | 10.1
Armour         | 4 5 6 7 9 10 | 10.4
Shields        | 4 5 6 7 9 10 | 10.4

Action                   |  1- 3 |  4- 6 |  7- 9 | 10-12 || total
-------------------------+-------+-------+-------+-------++-------
Melee: War axe           |    65 |   173 |   364 |       ||   602
       Headbutt          |     7 |    25 |    75 |    20 ||   127
       Kick              |       |       |    78 |       ||    78
       Hand axe          |       |       |    55 |   111 ||   166
  Use: Scroll            |       |     3 |     8 |     2 ||    13
       Potion            |       |       |     8 |     2 ||    10
Armor: Scale mail        |    23 |    65 |   144 |    39 ||   271
Dodge: Dodged            |    26 |    43 |   115 |    33 ||   217
Block: Kite shield       |    36 |    93 |   230 |    89 ||   448
